 Dungeon Crawl Stone Soup version 0.30-a0-782-ge64f9170bb (webtiles) character file.

Game seed: 18300281459929458375

37 Flugkiller the Trooper (level 3, -1/23 HPs)
             Began as a Deep Elf Chaos Knight on Mar 3, 2023.
             Was a Plaything of Xom.
             Slain by Grinder (3 damage)
             ... on level 3 of the Dungeon.
             The game lasted 00:01:48 (2633 turns).

Flugkiller the Trooper (Deep Elf Chaos Knight)      Turns: 2633, Time: 00:01:49

Health: -1/23      AC:  5    Str:  5 (7)  XL:     3   Next: 21%
Magic:  5/5        EV: 11    Int: 15 (18) God:    Xom [.*....]
Gold:   166        SH:  0    Dex: 13 (14) Spells: 2/2 levels left

rFire   + . .      SeeInvis .    a - +0 short sword (chaos)
rCold   . . .      Faith    .    (no shield)
rNeg    . . .      Spirit   .    b - +2 leather armour
rPois   .          Reflect  .    (no helmet)
rElec   .          Harm     .    (no cloak)
rCorr   .          Rampage  .    (no gloves)
Will    .....                    (no boots)
Stlth   +                        (no amulet)
HPRegen 0.23/turn                p - ring of protection from fire
MPRegen 0.09/turn                (no ring)

@: no status effects
A: weak 1
a: Renounce Religion


You were on level 3 of the Dungeon.
You worshipped Xom.
You were a plaything of Xom.
You visited 1 branch of the dungeon, and saw 3 of its levels.

You collected 166 gold pieces.

Inventory:

Hand Weapons
 a - a +0 short sword of chaos (weapon)
 e - a +0 spear
   (You found it on level 1 of the Dungeon)
Armour
 b - a +2 leather armour (worn)
Jewellery
 g - a ring of ice
   (You found it on level 3 of the Dungeon)
 p - a ring of protection from fire (left hand)
   (You found it on level 1 of the Dungeon)
Scrolls
 r - 4 scrolls of identify
Potions
 d - a potion of degeneration
Miscellaneous
 c - a piece from Xom's chessboard (11/15) (quivered)


   Skills:
 + Level 3.6 Fighting
 - Level 3.0 Short Blades
 - Level 0.7 Armour
 - Level 2.4 Dodging


You had 2 spell levels left.
You didn't know any spells.
Your spell library contained the following spells:

 Spells                   Type           Power      Damage    Failure   Level
 Cigotuvi's Dreadful Rot  Necr/Pois/Air  0%         N/A       54%         2
 Poisonous Vapours        Pois/Air       0%         N/A       54%         2
 Mephitic Cloud           Conj/Pois/Air  0%         N/A       78%         3
 Summon Forest            Summ/Tloc      0%         N/A       100%        5
 Summon Mana Viper        Hex/Summ       0%         N/A       100%        5
 Summon Cactus Giant      Summ           0%         N/A       100%        6


Dungeon Overview and Level Annotations

Branches:
Dungeon (3/15) Zot: 15353

Altars:
Kikubaaqudgha
Xom

Shops:
D:1 [

Annotations:
D:3 Grinder


Innate Abilities, Weirdness & Mutations

You are weak. (Str -2)


Message History

The bat barely misses you. The adder bites you.
You hit the adder.
The adder seems to grow stronger.
Xom thinks this is hilarious!
The adder is heavily wounded.
The bat misses you. The adder bites you but does no damage.
You completely miss the adder.
The adder is heavily wounded.
The bat hits you. The adder misses you.
You barely miss the adder.
The adder is heavily wounded.
The bat completely misses you. The adder bites you.
You barely miss the adder.
The adder is heavily wounded.
The adder bites you.
* * * LOW HITPOINT WARNING * * *
The bat hits you but does no damage.
Unknown command.
Okay, then.
The bat hits you but does no damage.
Unknown command.
The bat hits you but does no damage. The bat attacks as you move away!
The bat hits you but does no damage. The bat misses you.
The bat hits you but does no damage. The bat attacks as you move away!
The bat misses you. The bat closely misses you.
The adder attacks as you move away! The adder misses you.
Xom twists space around you.
Your surroundings suddenly seem different.
Your surroundings suddenly seem different.
Your surroundings suddenly seem different.
Your surroundings suddenly seem different.
A goblin comes into view. It is wielding a +0 dagger.
Your surroundings suddenly seem different.
The goblin moves out of view.
You start resting.
HP restored.
Found a stone staircase leading up.
Grinder comes into view.
Grinder shouts!
A giant cockroach comes into view.
Grinder says, "My boss said I was rubbish.
His entrails said otherwise."
You see here a scroll of identify.
r - 4 scrolls of identify (gained 1)
You make a move on Xom's chessboard...
Grinder resists with some effort.
You make a move on Xom's chessboard...
Grinder resists with some effort.
Okay, then.
It was a potion of degeneration.
There was something very wrong with that liquid.
You feel weakened.
You feel dopey.
You feel clumsy.
Xom thinks this is hilarious!
Grinder hits you.
You writhe in agony.
Unknown command.
It was a potion of curing.
You feel better.
Xom thinks this is hilarious!
Grinder hits you!
You writhe in agony.
Okay, then.
You make a move on Xom's chessboard...
Grinder falls asleep!
Grinder shouts!
You make a move on Xom's chessboard...
Grinder is moving more slowly.
Grinder hits you.
Grinder stops moving altogether!
The helpless Grinder fails to defend herself.
You hit Grinder.
The helpless Grinder fails to defend herself.
You hit Grinder.
Grinder is lightly wounded.
The helpless Grinder fails to defend herself.
You puncture Grinder! You burn Grinder.
Grinder is lightly wounded.
The helpless Grinder fails to defend herself.
You puncture Grinder!
Grinder is lightly wounded.
The helpless Grinder fails to defend herself.
You hit Grinder. Lightning courses through Grinder!
Grinder is heavily wounded.
The helpless Grinder fails to defend herself.
You hit Grinder.
Grinder is heavily wounded.
The helpless Grinder fails to defend herself.
You puncture Grinder!
Grinder is poisoned.
Grinder is heavily wounded.
The helpless Grinder fails to defend herself.
You hit Grinder.
Grinder suddenly seems more agile.
Grinder is severely wounded.
The helpless Grinder fails to defend herself.
You puncture Grinder!
Grinder is severely wounded.
The helpless Grinder fails to defend herself.
You hit Grinder.
Grinder is severely wounded.
The helpless Grinder fails to defend herself.
You puncture Grinder!
Grinder is almost dead.
The helpless Grinder fails to defend herself.
You hit Grinder.
Grinder easily resists.
Grinder is almost dead.
Grinder is no longer petrified.
Grinder hits you!
* * * LOW HITPOINT WARNING * * *
You writhe in agony.
You die...

##
##########>..
..
#............
B#
#.########.##
.### #.# ...
####.#
######.#
..##.#
#.5B...#
#.##.#
#@###....#
#.##.# #.#
#.#### #..._#
#.# #.. #
###.## #.#
#..# # #.#
#+##.# #..# #
###.# #.##.#
#..# # ....#
#.##.# #..< #
###.###
#####.##.# #
......#
#......#.# #


You could see Grinder (agile, very poisoned) and a giant cockroach.

Vanquished Creatures
  An adder (D:2)
  2 dart slugs (D:1)
  A ball python (D:1)
  A bat (D:3)
  4 endoplasms
  3 hobgoblins
  A quokka (D:3)
  A frilled lizard (D:2)
  3 goblins
  A kobold (D:2)
  5 rats (D:1)
  A spectral hobgoblin (D:1)
24 creatures vanquished.

Notes
Turn   | Place    | Note
-------+----------+-------------------------------------------
     0 | D:1      | Flugkiller the Deep Elf Chaos Knight began the quest for
                  | the Orb.
     0 | D:1      | Reached XP level 1. HP: 13/13 MP: 3/3
   251 | D:1      | XOM: smoke on damage
   361 | D:1      | XOM: butterfly on damage
   367 | D:1      | Reached XP level 2. HP: 3/19 MP: 4/4
   448 | D:1      | XOM: butterfly on damage
   580 | D:1      | Found Fathe's Armour Shop.
   770 | D:1      | XOM: noise
   774 | D:1      | Found a faded altar of an unknown god.
   774 | D:1      | XOM: give mutation
   774 | D:1      | Gained mutation: You are weak. (Str -2) [Xom's mischief]
   776 | D:1      | XOM: summons 1 hostile shadow creature
  1110 | D:2      | Reached XP level 3. HP: 23/23 MP: 5/5
  1411 | D:2      | XOM is BORED!
  1411 | D:2      | XOM: noise
  1444 | D:2      | Found an ancient bone altar of Kikubaaqudgha.
  1729 | D:2      | XOM: summons 2 hostile demons
  1731 | D:2      | XOM: butterfly on damage
  2240 | D:3      | XOM: 4-stop teleportation journey
  2247 | D:3      | XOM: scenery: create altars
  2500 | D:3      | XOM: 5-stop teleportation journey
  2608 | D:3      | Noticed Grinder
  2633 | D:3      | Slain by Grinder

Illustrated notes

Levels and vault maps discovered:
D:1:      tarquinn_simple_flora_water_a, layout_basic,
          dreamdust_ecumenical_altar_drowned_temple, serial_shops,
          nicolae_shop_advertising_works [nicolae_subvault_shop_adworks],
          serial_curves, eino_curves_04, eino_curves_02, eino_curves_02,
          eino_curves_01, palyth_stone_intersect, dreamdust_mushroom_princess
D:2:      layout_basic, basic_altar, kennysheep_donut, minmay_door_square,
          minmay_tetromino_i2
D:3:      layout_basic, uniq_grinder

Skill      XL: |  1 |
---------------+----+-----
Fighting       | 3 |  3.6
Short Blades   | |  3.0
Armour         | |  0.7
Dodging        | |  2.4

Action                     || total
---------------------------++-------
  Melee: Short sword       ||    41
         Spear             ||   111
         Punch             ||     2
  Evoke: Piece from Xom's  ||     4
    Use: Scroll            ||     1
         Potion            ||     2
   Stab: Sleeping          ||     4
         Petrified         ||    12
 Armour: Leather armour    ||    44
  Dodge: Dodged            ||    73

Table legend: (Time is in decaauts)
 A = Elapsed time spent in this place.
 B = Non-inter-level travel time spent in this place.
 C = Inter-level travel time spent in this place.
 D = Time resting spent in this place.
 E = Time spent auto-exploring this place.
 F = Levels seen in this place.
 G = Mean time per level.
                   A        B        C        D        E       F      G
               +--------+--------+--------+--------+--------+-----+--------+
         Total |   2645 |   2575 |     70 |    425 |   1830 |   3 |  881.7 |
       Dungeon |   2645 |   2575 |     70 |    425 |   1830 |   3 |  881.7 |
               +--------+--------+--------+--------+--------+-----+--------+

Top non-repeatable levels by time:
     D:1: 1174 daAuts
     D:2: 1039 daAuts
     D:3: 431 daAuts
